 Dungeon Crawl Stone Soup version 0.21-a0-584-g185da8e (webtiles) character file.

497 Amnesiac the Insei (level 7, -6/46 HPs)
             Began as an Octopode Transmuter on Dec 20, 2017.
             Was an Initiate of Okawaru.
             Mangled by Grinder (10 damage)
             ... while paralysed by Grinder
             ... on level 4 of the Dungeon.
             The game lasted 00:06:58 (4964 turns).

Amnesiac the Insei (Octopode Transmuter)            Turns: 4964, Time: 00:06:59

Health: -6/46      AC:  1    Str: 10    XL:     7   Next: 15%
Magic:  8/10       EV:  2    Int: 15    God:    Okawaru [......]
Gold:   165        SH:  0    Dex: 14    Spells: 4/10 levels left

rFire    . . .     SeeInvis .     - Unarmed
rCold    . . .     Gourm    .   (no shield)
rNeg     . . .     Faith    .   (helmet restricted)
rPois    .         Spirit   .   w - amulet of rage
rElec    .         Reflect  .   (no ring)
rCorr    .         Harm     .   (no ring)
MR       .....                  (no ring)
Stlth    ++........             (no ring)
HPRegen  0.15/turn              (no ring)
MPRegen  0.12/turn              (no ring)
                                (no ring)
                                (no ring)

@: paralysed, very slightly contaminated
A: almost no armour, stealthy swim, amphibious, 8 rings, constrict 8, camouflage
1, gelatinous body 1
a: Renounce Religion, Evoke Berserk Rage


You were on level 4 of the Dungeon.
You worshipped Okawaru.
Okawaru was noncommittal.
You were hungry.

You visited 2 branches of the dungeon, and saw 5 of its levels.

You collected 165 gold pieces.

Inventory:

Missiles
 a - 107 arrows
 g - 207 stones (quivered)
 n - 28 poisoned needles
 r - 2 throwing nets
 s - 5 needles of sleeping
Jewellery
 w - an amulet of rage (around mantle)
Wands
 x - a wand of disintegration (13)
Scrolls
 f - a scroll of random uselessness {!r, unknown}
 h - 4 scrolls of teleportation {!r}
 l - a scroll of fear {!r, unknown}
 o - 2 scrolls of magic mapping {!r, unknown}
 p - a scroll of blinking {!r, unknown}
 q - 3 scrolls of remove curse {!r, unknown}
 t - a scroll of noise {!r, unknown}
 u - a scroll of fog {!r, unknown}
Potions
 e - 5 potions of curing {!q}
 i - 2 potions of berserk rage {!q}
 k - 4 potions of agility {!q}
 v - a potion of ambrosia {!q}
Books
 b - a book of Changes

   Spells                             Type                      Level
   a - Beastly Appendage              Transmutation                1
   b - Sticks to Snakes               Transmutation                2
   c - Spider Form                    Transmutation/Poison         3
   d - Ice Form                       Ice/Transmutation            4
   e - Blade Hands                    Transmutation                5
Comestibles
 c - 13 rations


   Skills:
 + Level 3.5 Fighting
 + Level 3.5 Dodging
 * Level 5.6 Unarmed Combat
 - Level 2.0 Spellcasting
 + Level 3.4 Transmutations


You had 4 spell levels left.
You knew the following spells:

 Your Spells              Type           Power        Failure   Level  Hunger
a - Beastly Appendage     Tmut           ##....       5%          1    #......
b - Sticks to Snakes      Tmut           ##......     9%          2    ###....
e - Spider Form           Tmut/Pois      #.........   32%         3    ###....


Dungeon Overview and Level Annotations

Branches:
Dungeon (4/15)             Temple (1/1) D:4

Altars:
Ashenzari
Cheibriados
Elyvilon
Fedhas
Nemelex Xobeh
Okawaru
Qazlal
Sif Muna
Trog
Uskayaw
Vehumet
Xom
The Shining One

Annotations:
D:4 Grinder


Innate Abilities, Weirdness & Mutations

You cannot wear most types of armour.
You are very stealthy in the water. (Stealth+)
You are amphibious.
You can wear up to eight rings at the same time.
You can use your tentacles to constrict eight enemies at once.
Your skin changes colour to match your surroundings (Stealth+).
Your rubbery body absorbs attacks. (AC +1, EV +1)


Message History

As you read the scroll labeled IRURUVVAPU {!r}, it crumbles to dust.
You feel strangely unstable.
It was a scroll of teleportation {!r}.
You climb downwards.
Level annotation: Grinder Grinder blinks!
There is a stone staircase leading up here.
What are your orders? t - Shout!
Orders for allies: a - Attack new target. r - Retreat! s - Stop attacking. g - Guard the area. f - Follow me.
Anything else - Cancel.
You shout for attention!
What are your orders? t - Shout!
Orders for allies: a - Attack new target. r - Retreat! s - Stop attacking. g - Guard the area. f - Follow me.
Anything else - Cancel.
Okay, then.
Your surroundings suddenly seem different.
HP restored.
There is an open door here.
Grinder is nearby!
Grinder is nearby!
Casting: Spider Form
Confirm with . or Enter, or press ? or * to list all spells.
You miscast Spider Form.
You are very lightly contaminated with residual magic.
You feel weak for a moment.
You tentacle-slap Grinder but do no damage.
You grab Grinder.
You constrict Grinder, but do no damage.
Grinder gestures at you. Pain shoots through your body!
You tentacle-slap Grinder.
Grinder is lightly wounded.
You constrict Grinder. Grinder closely misses you.
You tentacle-slap Grinder. You squeeze Grinder!
Grinder is moderately wounded.
You constrict Grinder.
Grinder blinks free!
Grinder says, "DUCK!"
Grinder gestures at you. Pain shoots through your body!
Grinder barely misses you.
There is a stone staircase leading down here.
You tentacle-slap Grinder. You grab Grinder. You squeeze Grinder.
Grinder is heavily wounded.
You constrict Grinder. Grinder hits you!
You writhe in agony.
You tentacle-slap Grinder but do no damage.
You squeeze Grinder.
Grinder is severely wounded.
You constrict Grinder. Grinder gestures at you.
You suddenly lose the ability to move!
You lose your grip on Grinder.
Grinder hits you!
You writhe in agony.
* * * LOW HITPOINT WARNING * * *
Grinder hits you!
* * * LOW HITPOINT WARNING * * *
Grinder gestures at you. Pain shoots through your body!
* * * LOW HITPOINT WARNING * * *
Grinder hits you!
You die...

.##.##.# #.# ##≈≈≈≈≈≈≈## .##.##.#
#.# ###⌠#⌠##### .......# ##'##
########.# .......# ##...##
#........# ###.#### ##.....##
#####.#### ###.#<## ##.......##
##.##.#
.......####.........####...#.####
.##.......'.........'............
.##....####.....@...####...#.####
.#..#..# ##....5..## ##.##.# ##
.#.##..# ##.....## ####.# #.
.#.##..# ##...## #####.###.
.......# ##+## #.......#.
##.########## #.# #.###.#.#.
#.##.......# #.# #.# #.#.#.
#.##.......###.## #.# #.#.#.
#.##[......##...## #.###.#.#.


You could see Grinder.

Vanquished Creatures
  4 orc wizards
  Jessica (D:3)
  An iguana (D:4)
  Ijyb (D:3)
  Terence (D:2)
  Robin (D:4)
  6 gnolls
  6 adders
  3 oozes
  3 worms
  6 dart slugs
  3 leopard geckos
  15 orcs
  2 ball pythons
  5 giant cockroaches
  20 goblins
  12 hobgoblins
  2 jackals (D:1)
  6 kobolds
  2 quokkas
  3 bats (D:1)
  7 frilled lizards
  7 rats
117 creatures vanquished.

Notes
Turn   | Place    | Note
-------+----------+-------------------------------------------
     0 | D:1      | Amnesiac the Octopode Transmuter began the quest for the Orb.
     0 | D:1      | Reached XP level 1. HP: 13/13 MP: 3/3
    54 | D:1      | Reached XP level 2. HP: 12/18 MP: 5/5
    59 | D:1      | Learned a level 2 spell: Sticks to Snakes
   666 | D:1      | Reached XP level 3. HP: 24/24 MP: 6/6
  1204 | D:2      | Reached XP level 4. HP: 10/30 MP: 7/7
  1803 | D:2      | Noticed Terence
  1809 | D:2      | Learned a level 3 spell: Spider Form
  1815 | D:2      | Killed Terence
  2090 | D:3      | Reached XP level 5. HP: 36/36 MP: 8/8
  2177 | D:3      | Found a shattered altar of Ashenzari.
  2177 | D:3      | Noticed Ijyb
  2518 | D:4      | Reached skill level 4 in Unarmed Combat
  2649 | D:4      | Found a staircase to the Ecumenical Temple.
  2677 | Temple   | Entered the Ecumenical Temple
  2732 | Temple   | Became a worshipper of Warmaster Okawaru
  2967 | D:4      | Reached XP level 6. HP: 40/42 MP: 6/9
  3043 | D:4      | HP: 2/42 [poisoned by an adder]
  3051 | D:4      | HP: 1/42 [poisoned by an adder]
  3578 | D:4      | Found a bloodstained altar of Trog.
  3642 | D:4      | Reached skill level 5 in Unarmed Combat
  3884 | D:3      | Noticed Jessica
  3890 | D:3      | Killed Jessica
  4215 | D:3      | Killed Ijyb
  4250 | D:3      | Reached XP level 7. HP: 46/46 MP: 8/10
  4703 | D:4      | Noticed Robin
  4726 | D:4      | Killed Robin
  4765 | D:4      | Noticed Grinder
  4821 | D:4      | Paralysed by Grinder for 7 turns
  4960 | D:4      | Paralysed by Grinder for 7 turns
  4964 | D:4      | Mangled by Grinder

Vault maps used:
D:1:      dpeg_arrival_simpleton_c, hangedman_decor_push, nrook_loot_triangle,
          hangedman_abyss_or_decor_stabs, minmay_lizard_pond
D:2:      uniq_terence
D:3:      evilmike_ruin_ashenzari, first_ration, uniq_ijyb, uniq_jessica
D:4:      lightli_temple_of_fire, minmay_temple_entry_hall,
          minmay_misc_feat_pillars, sigmund_army, uniq_grinder, uniq_robin
Temple:   minmay_crystal_spiral_temple

Skill      XL: |  1  2  3  4  5  6 |
---------------+-------------------+-----
Transmutations | 3 |  3.4
Fighting       | 2 3 |  3.5
Dodging        | 3 |  3.5
Unarmed Combat | 4 5 |  5.6
Spellcasting   | |  2.0

Action                   |  1- 3 |  4- 6 |  7- 9 || total
-------------------------+-------+-------+-------++-------
Melee: Unarmed           |    98 |   164 |    46 ||   308
       Constrict         |    25 |    31 |    13 ||    69
       Kick              |     2 |       |       ||     2
       Tentacles         |     8 |    27 |     7 ||    42
       Punch             |       |     4 |     2 ||     6
 Cast: Beastly Appendage |     1 |       |       ||     1
       Spider Form       |       |     9 |     1 ||    10
  Use: Scroll            |       |       |     6 ||     6
 Stab: Sleeping          |     1 |     5 |       ||     6
       Distracted        |       |     1 |       ||     1
  Eat: Chunk             |     1 |    12 |     2 ||    15
Armor: Skin              |    17 |     5 |     1 ||    23
Dodge: Dodged            |    74 |   128 |    22 ||   224

Table legend:
 A = Spawn XP
 B = Non-spawn XP
 C = Spawn XP percentage of total XP
 D = Spawn monster count
 E = Non-spawn monster count
 F = Spawn count percentage of total count
 G = Total turns spent on level
                    A         B        C        D         E        F      G
               +---------+---------+-------+---------+---------+-------+---------
         Total |       0 |     710 |   0.0 |       0 |     117 |   0.0 |  4964
               +---------+---------+-------+---------+---------+-------+---------
           D:1 |       0 |      69 |   0.0 |       0 |      32 |   0.0 |  1126
           D:2 |       0 |      89 |   0.0 |       0 |      10 |   0.0 |  1055
           D:3 |       0 |     262 |   0.0 |       0 |      37 |   0.0 |  1125
           D:4 |       0 |     290 |   0.0 |       0 |      38 |   0.0 |  1548
               +---------+---------+-------+---------+---------+-------+---------
